 Dungeon Crawl Stone Soup version 0.24.0-123-gd5b16e6ec5 (webtiles) character file.

Game seed: 15528522941597280102, levelgen mode: deterministic

788 nightchill the Ruffian (level 7, -5/60 (62) HPs)
             Began as a Ghoul Warper on Feb 13, 2020.
             Splashed by a jelly's acid (6 damage)
             ... on level 6 of the Dungeon.
             The game lasted 00:12:45 (5526 turns).

nightchill the Ruffian (Ghoul Warper)               Turns: 5526, Time: 00:12:45

HP:   -5/60 (62)    AC:  3    Str: 16    XL:     7   Next: 87%
MP:   8/8           EV:  4    Int:  9    God:
Gold: 403           SH:  0    Dex:  8    Spells: 9/9 levels left

rFire    . . .     SeeInvis .     - Unarmed
rCold    + . .     Gourm    .   (no shield)
rNeg     + + +     Faith    .   u - +0 plate armour (curse)
rPois    ∞         Spirit   .   v - +1 helmet
rElec    .         Reflect  .   (no cloak)
rCorr    .         Harm     .   (no gloves)
MR       .....                  m - +2 pair of boots
Stlth    ..........             (no amulet)
HPRegen  0.00/turn              (no ring)
MPRegen  0.11/turn              (no ring)

@: corroded, rotting
A: rotting body, claws 1, carnivore, cold resistance 1, negative energy
resistance 3, inhibited regeneration, torment resistance, unbreathing
a: no special abilities


You were on level 6 of the Dungeon.
You were not hungry.

You visited 2 branches of the dungeon, and saw 7 of its levels.
You also visited: Sewer.

You collected 403 gold pieces.

Inventory:

Hand Weapons
 o - a +0 hunting sling
 F - a +0 dagger of pain
Missiles
 d - 5 boomerangs of dispersal (quivered)
 p - 143 stones
Armour
 a - a +0 leather armour
 b - a +1 chain mail
 m - a +2 pair of boots (worn)
 u - a cursed +0 plate armour (worn)
 v - a +1 helmet (worn)
Jewellery
 j - a +1 ring of evasion {unknown}
 l - an uncursed ring of poison resistance {unknown}
 q - an uncursed ring of stealth {unknown}
 r - an uncursed ring of ice {unknown}
Scrolls
 c - 2 scrolls of blinking
 e - 2 scrolls of noise
 g - a scroll of fog
 s - 4 scrolls of teleportation
 t - 4 scrolls of fear
 y - 6 scrolls of remove curse {unknown}
 A - 3 scrolls of amnesia {unknown}
 E - 4 scrolls of identify {unknown}
Potions
 h - a potion of degeneration {unknown}
 i - a potion of magic {unknown}
 k - a potion of brilliance {unknown}
 n - a potion of heal wounds {unknown}
 w - 4 potions of flight {unknown}
 x - a potion of agility {unknown}
 z - 2 potions of invisibility {unknown}
 B - 2 potions of curing {unknown}
 C - a potion of cancellation {unknown}
 D - a potion of resistance {unknown}
Comestibles
 f - 7 rations


   Skills:
 + Level 5.7 Fighting
 - Level 0.8 Throwing
 - Level 0.8 Armour
 - Level 1.7 Dodging
 * Level 7.9 Unarmed Combat
 - Level 1.7 Spellcasting
   Level 2.6 Translocations


You had 9 spell levels left.
You didn't know any spells.
Your spell library contained the following spells:

 Spells                   Type           Power        Failure   Level  Hunger
 Blink                    Tloc           N/A          100%        2    ###....
 Shroud of Golubria       Chrm/Tloc      #.....       100%        2    ###....
 Gell's Gravitas          Tloc           #.........   100%        3    ####...
 Lesser Beckoning         Tloc           #.........   100%        3    ####...
 Teleport Other           Tloc           #.......     100%        3    ####...
 Passage of Golubria      Tloc           N/A          100%        4    #####..


Dungeon Overview and Level Annotations

Branches:
Dungeon (6/15)             Temple (1/1) D:4           Sewer (visited)

Altars:
Cheibriados
Elyvilon
Fedhas
Hepliaklqana
Makhleb
Nemelex Xobeh
Qazlal
Ru
Sif Muna
Trog
Uskayaw
Xom
Yredelemnul
Zin
The Shining One

Shops:
D:4 :

Annotations:
D:5 1 runed translucent door, louiscrawler's ghost, novice HOHu
D:6 exclusion: oklob plant


Innate Abilities, Weirdness & Mutations

Your body is rotting away.
You thrive on raw meat.
You are immune to poison.
You have sharp fingernails.
You are carnivorous and can eat meat at any time.
Your flesh is cold resistant. (rC+)
You are immune to negative energy. (rN+++)
You do not regenerate when monsters are visible.
You are immune to unholy pain and torment.
You can survive without breathing.


Message History

A quokka and a crimson imp come into view.
The crimson imp shouts!
The crimson imp picks up a bubbling dark potion.
A bullfrog skeleton comes into view.
Found a stone staircase leading up.
The crimson imp blinks!
The quokka bites you but does no damage.
A wight comes into view. It is wielding a +2 morningstar.
Found a scroll of teleportation.
A wight comes into view. It is wielding a +0 scimitar.
The quokka completely misses you. 3 gnolls come into view.
The gnoll shouts! x2
The gnoll moves out of view. x2
A gnoll shaman comes into view. It is wielding a +0 whip.
There is a stone staircase leading up here.
The jelly hits you.
* * * LOW HITPOINT WARNING * * *
You are splashed with acid.
You die...

## g# g ###.
... ### #.. ..#
### # #.#
#.##### ..#
#.##.##.#
#...?. # #.#
.......@###$.#
.## #.#
#.#.###.JrJ..#
.... #.#
#.#Z...###.....
#.#
#z#z##J......#
#.#
#.#.###J###..#.
#.# ....#
#........ #.#
#...# #.###....
#.# #...# #J#
.# #.#
#...###J# ###


You could see a gnoll shaman, 2 jellies, 2 wights, a gnoll, 2 oozes, a quokka
and a bullfrog skeleton.

Vanquished Creatures
  An ogre (D:6)
  5 jellies (D:6)
  An orc priest (D:5)
  A hound (D:4)
  A bullfrog skeleton (D:4)
  6 orc wizards
  A worker ant (D:5)
  6 adders
  2 shadow imps (D:5)
  8 oozes
  An adder skeleton (D:4)
  3 worms (D:4)
  2 dart slugs
  9 leopard geckos
  20 orcs
  11 bats
  9 giant cockroaches
  6 goblins
  10 hobgoblins
  7 jackals
  5 kobolds
  2 quokkas
  3 ball pythons
  5 frilled lizards
  A leopard gecko zombie (D:6)
  11 rats
137 creatures vanquished.

Vanquished Creatures (others)
  An orc wizard (D:5)
  8 fungi (D:6)
9 creatures vanquished.

Grand Total: 146 creatures vanquished

Notes
Turn   | Place    | Note
-------+----------+-------------------------------------------
     0 | D:1      | nightchill the Ghoul Warper began the quest for the Orb.
     0 | D:1      | Reached XP level 1. HP: 17/17 MP: 2/2
   314 | D:1      | Reached XP level 2. HP: 25/25 MP: 3/3
   656 | D:1      | Reached skill level 3 in Unarmed Combat
  1198 | D:2      | Reached XP level 3. HP: 29/30 MP: 4/4
  1442 | D:2      | Found a snail-covered altar of Cheibriados.
  1672 | D:2      | Reached XP level 4. HP: 38/38 MP: 5/5
  1689 | D:2      | Reached skill level 4 in Unarmed Combat
  1993 | D:3      | Found a hide-covered altar of Uskayaw.
  2005 | D:3      | Found a faded altar of an unknown god.
  2113 | D:3      | Reached XP level 5. HP: 24/45 MP: 6/6
  2461 | D:4      | Reached skill level 5 in Unarmed Combat
  2508 | D:4      | Found a glowing drain.
  2512 | Sewer    | Entered a sewer
  2903 | D:4      | Found a shimmering altar of Xom.
  2906 | D:4      | Found a shimmering altar of Xom.
  2907 | D:4      | Found a shimmering altar of Xom.
  2907 | D:4      | Found a shimmering altar of Xom.
  2908 | D:4      | Found a shimmering altar of Xom.
  2927 | D:4      | Found Gaorott's Book Shop.
  3038 | D:4      | Reached XP level 6. HP: 45/52 MP: 7/7
  3138 | D:4      | Found a stormy altar of Qazlal.
  3671 | D:4      | Found a staircase to the Ecumenical Temple.
  3699 | D:4      | Reached skill level 6 in Unarmed Combat
  3725 | Temple   | Entered the Ecumenical Temple
  4073 | D:5      | Entered Level 5 of the Dungeon
  4434 | D:5      | Reached XP level 7. HP: 45/60 MP: 8/8
  4597 | D:5      | Found a sparkling altar of Nemelex Xobeh.
  4616 | D:5      | Reached skill level 5 in Fighting
  4636 | D:5      | Found a runed translucent door.
  4638 | D:5      | Noticed louiscrawler's ghost (novice HOHu)
  4939 | D:6      | Reached skill level 7 in Unarmed Combat
  5467 | D:6      | Noticed an oklob plant
  5516 | D:6      | HP: 3/60 [acid (8)]
  5526 | D:6      | HP: 1/60 [jelly (2)]
  5526 | D:6      | Splashed by a jelly's acid

Levels and vault maps discovered:
D:1:      dpeg_arrival_rooms_c, layout_basic,
          wander_ebering_terrifying_dragon_lair
D:2:      layout_rooms, cheibriados_altar_1, first_ration
D:3:      layout_rooms, overflow_temple_1_default,
          chequers_ecumenical_altar_simple
D:4:      layout_loops_corners, nicolae_qazlal_eye_of_the_storm,
          xom_redecorated, minmay_temple_entry_glassed_door,
          gup_sewer_entry_spiral, st_stairs_2, kennysheep_windowed_goal
D:5:      layout_loops_corners, nemelex_xobeh_ov_fountains_minmay,
          ebering_ghost_reflecting_pool
D:6:      lemuel_slime, layout_loops_ring, hangedman_abyss_or_decor_stabs,
          lightli_church_of_beogh
Temple:   jpeg_temple_alley_garden

Skill      XL: |  1  2  3  4  5  6  7 |
---------------+----------------------+-----
Unarmed Combat | 3 4 5 6 7 |  7.9
Fighting       | 3 4 5 |  5.7
Throwing       | |  0.8
Armour         | |  0.8
Dodging        | |  1.7
Spellcasting   | |  1.7
Translocations | |  2.6

Action                   |  1- 3 |  4- 6 |  7- 9 || total
-------------------------+-------+-------+-------++-------
Melee: Unarmed           |   126 |   357 |   105 ||   588
       Punch             |       |     3 |     1 ||     4
  Use: Scroll            |       |     6 |       ||     6
  Eat: Chunk             |     9 |    27 |     4 ||    40
Armor: Chain mail        |    79 |    43 |       ||   122
       Plate armour      |       |   239 |    51 ||   290
Dodge: Dodged            |    44 |    79 |    13 ||   136
